Cogmind - Beta 14 @@@ ROGUE MODE // 2024.09.18 @ 01:12:13 Player: Duduxx Result: Destroyed by G-34 Mercenary with Small Laser Performance ------------- Evolutions (1) 500 Regions Visited (2) 400 Robots Destroyed (24) 120 Value Destroyed (577) 577 Prototype IDs (2) 40 Alien Tech Used (0) 0 Bonus (0) 0 TOTAL SCORE: 1637 Bonus ------- None Cogmind --------- Core Integrity 0/400 Matter 18/300 Energy 100/100 System Corruption 0% Temperature Cool (6) Movement Core (350) Ox6 Location -9/Materials Parts ------- > --- POWER (1) -------- (None) > --- PROPULSION (3) --- (None) > --- UTILITY (3) ------ Large Storage Unit Structural Scanner > --- WEAPON (2) ------- (None) > --- INVENTORY (15) --- Hover Unit Improved Heat Sink Medium Storage Unit Improved Targeting Computer Reaction Control System Medium Laser Rocket Launcher Rocket Launcher Mining Laser Peak State ------------ > --- POWER ------------ Light Nuclear Core > --- PROPULSION ------- Light Treads Light Treads > --- UTILITY ---------- Large Storage Unit Structural Scanner Improved Terrain Scan Processor > --- WEAPON ----------- Medium Laser Assault Cannon > --- INVENTORY -------- Hover Unit Improved Heat Sink Medium Storage Unit Reaction Control System Reaction Control System Grenade Launcher Mining Laser [Rating: 15] Favorites ----------- Power Light Ion Engine Engine Light Ion Engine Power Core Light Nuclear Core Propulsion Light Treads Treads Light Treads Leg Aluminum Leg Utility Large Storage Unit Device Structural Scanner Storage Large Storage Unit Processor Improved Terrain Scan Processor Weapon Medium Laser Energy Gun Medium Laser Ballistic Gun Assault Rifle Ballistic Cannon Assault Cannon Launcher Grenade Launcher Build | -11 -10 -9 ------- Run | Yrd Mat Mat Slots Evolved 2 | . . 2 Power . | . . . Propulsion 1 | . . 1 Utility 1 | . . 1 Weapon . | . . . Parts Attached 17 | 6 2 9 Power 3 | 1 . 2 Engine 2 | 1 . 1 Core 1 | . . 1 Reactor . | . . . Propulsion 4 | 2 . 2 Treads 2 | 2 . . Leg 2 | . . 2 Wheel . | . . . Hover . | . . . Flight . | . . . Utility 6 | 1 2 3 Device 3 | . 1 2 Storage 2 | 1 1 . Processor 1 | . . 1 Hackware . | . . . Protection . | . . . Artifact . | . . . Weapon 4 | 2 . 2 Energy Gun 1 | 1 . . Energy Cannon . | . . . Ballistic Gun 1 | 1 . . Ballistic Cannon 1 | . . 1 Launcher 1 | . . 1 Special Weapon . | . . . Impact Weapon . | . . . Slashing Weapon . | . . . Piercing Weapon . | . . . Special Melee Weapon . | . . . Unidentified Prototypes . | . . . Parts Lost 10 | . . 10 Power 2 | . . 2 Propulsion 4 | . . 4 Utility 1 | . . 1 Weapon 3 | . . 3 Highest Loss Streak 4 | . . 4 To Critical Strikes . | . . . Average Slot Usage (%) 81 | . 87 79 Engine 7 | . 14 5 Core 1 | . . 2 Treads 19 | . 28 16 Leg 4 | . . 5 Device 13 | . 2 16 Storage 11 | . 14 11 Processor 2 | . . 3 Energy Gun 10 | . 14 9 Ballistic Gun 7 | . 14 4 Ballistic Cannon 3 | . . 4 Peak Build Rating 15 | 6 9 15 Average Rating 9 | 4 6 10 On Entrance 5 | . 6 9 Naked Turns . | . . . Heaviest Build 33 | 12 28 33 Greatest Support 40 | 40 40 40 Greatest Overweight (x) 8 | . . 8 Average Overweight (x) . | . . . Largest Inventory Capacity 15 | 8 15 15 Average Capacity 12 | 7 8 15 Most Carried 10 | 1 6 10 Average Carried 6 | . 3 7 Final Capacity 15 | 8 15 15 Final Carried 9 | 1 5 9 Class Distribution -------------------- 100% | Mutant Dominant Class ---------------- Mutant | -10/Materials Mutant | -9/Materials Resources | -11 -10 -9 ----------- Run | Yrd Mat Mat Matter Collected 329 | 95 105 129 Remotely . | . . . Salvage Created 691 | . 167 524 Parts 47 | . 15 32 Haulers Intercepted 1 | . . 1 Recyclers Shooed . | . . . Parts Field Recycled . | . . . Retrieved Matter . | . . . Parts Self-Destructed . | . . . Prevented . | . . . Kills | -11 -10 -9 ------- Run | Yrd Mat Mat Combat Hostiles Destroyed 19 | . 5 14 Guns 9 | . 2 7 Cannons 5 | . . 5 AOE 5 | . 3 2 Classes Destroyed 7 | . 3 4 Worker 2 | . 1 1 Hauler 1 | . . 1 Recycler 1 | . . 1 Watcher 1 | . . 1 Swarmer 6 | . 3 3 Grunt 12 | . 2 10 Duelist 1 | . . 1 Best Kill Streak 5 | . 4 5 Combat Bots Only 4 | . 3 4 Max Kills in Single Turn 4 | . 4 1 Gunslinging . | . . . Exploded 3 | . 3 1 Melee . | . . . Uniques/NPCs Destroyed . | . . . Combat | -11 -10 -9 -------- Run | Yrd Mat Mat Hostile Shots Fired 186 | . 23 163 Missed 65 | . 5 60 Damage Taken 1517 | . 238 1279 Core 462 | . 53 409 Absorbed by Shields . | . . . Core Remaining (%) 89 | 100 78 . Volleys Fired 68 | . 13 55 Largest 2 | . 2 2 Hottest 94 | . 70 94 Shots Fired 116 | . 26 90 Gun 83 | . 26 57 Cannon 27 | . . 27 Launcher 6 | . . 6 Special . | . . . Kinetic 63 | . 13 50 Thermal 47 | . 13 34 Explosive 6 | . . 6 Electromagnetic . | . . . Robot Hit Streak 12 | . 3 12 Robot Miss Streak 5 | . 5 3 Penetration Max . | . . . Secondary Targets 1 | . 1 . Max Gunslinging Chain 1 | . 1 . Shots Hit Robots 68 | . 12 56 Core Hits 43 | . 12 31 Critical Kills . | . . . Critical Parts Destroyed . | . . . Critical Strikes 2 | . 1 1 Burn 2 | . 1 1 Melee Attacks . | . . . Impact . | . . . Slashing . | . . . Piercing . | . . . Sneak Attacks . | . . . Combat Hostiles . | . . . Follow-up Attacks . | . . . Damage Inflicted 1528 | 3 286 1239 Guns 577 | . 136 441 Cannons 422 | . . 422 Explosions 514 | . 150 364 Melee . | . . . Ramming 15 | 3 . 12 Kinetic 659 | . 73 586 Thermal 340 | . 63 277 Explosive 364 | . . 364 Electromagnetic 150 | . 150 . Impact . | . . . Slashing . | . . . Piercing . | . . . Highest Corruption 3 | . 3 . Average Corruption 2 | . 2 . Corruption Purged . | . . . Corruption Blocked . | . . . Effects 2 | . 2 . Message Errors 1 | . 1 . Data Loss (minor) 1 | . 1 . Overload Shots . | . . . Overflow Damage . | . . . Projectiles . | . . . Explosions . | . . . Melee . | . . . Knockbacks 5 | . . 5 Impact . | . . . Kinetic 5 | . . 5 Secondary . | . . . Self-Inflicted Damage 56 | . 26 30 Shots 2 | . 1 1 Rammed 3 | 1 . 2 Targets Rammed 4 | 1 . 3 Kicked 1 | . . 1 Crushed . | . . . Highest Temperature 504 | . 156 504 Average Temperature 148 | . 62 185 Received Heat Transfer 732 | . 84 648 Effects 8 | . . 8 Shutdowns 1 | . . 1 Interference 1 | . . 1 Short Circuit 2 | . . 2 Damage (major) 4 | . . 4 Siege Activations . | . . . Robots Corrupted . | . . . Combat Hostiles . | . . . Parts Fried . | . . . Impact Corruptions . | . . . Robots Melted . | . . . Combat Hostiles . | . . . Parts Melted 2 | . . 2 Heat Transferred 1147 | . 259 888 Parts Sabotaged . | . . . Parts Stolen . | . . . Parts Stripped . | . . . Power Chain Reactions . | . . . Alert | -11 -10 -9 ------- Run | Yrd Mat Mat Peak Influence 370 | . 156 370 Initial 65 | . . 65 Average 172 | . 100 216 Maximum Alert Level 1 | . . 1 Low Security (%) 67 | 100 100 51 Level 1 32 | . . 48 Level 2 . | . . . Level 3 . | . . . Level 4 . | . . . Level 5 . | . . . High Security . | . . . Max Security . | . . . Squads Dispatched 5 | . . 5 Investigation 2 | . . 2 Extermination . | . . . Reinforcement 3 | . . 3 Assault . | . . . Garrison . | . . . Intercept . | . . . Searches Triggered . | . . . Construction Impeded . | . . . Haulers Reinforced . | . . . Active Scanning Responses . | . . . Cargo Convoy Interrupts . | . . . Stealth | -11 -10 -9 --------- Run | Yrd Mat Mat Distress Signals 2 | . . 2 Communications Jammed . | . . . Distress Signals . | . . . Times Spotted 29 | . 7 22 Peak Tracking Total 6 | . 3 6 Tactical Retreats . | . . . Traps | -11 -10 -9 ------- Run | Yrd Mat Mat Traps Triggered 2 | . 1 1 Indirectly . | . . . Trap Hack Attempts . | . . . Triggered . | . . . Disarmed . | . . . Reprogrammed . | . . . Reused . | . . . Traps Extracted . | . . . Installed . | . . . Triggered . | . . . Machines | -11 -10 -9 ---------- Run | Yrd Mat Mat Machines Disabled 2 | . 1 1 Max in Single Turn 1 | . 1 1 Machines Repaired . | . . . Machines Dismantled . | . . . Machines Sabotaged . | . . . Overloaded Fab Kills . | . . . Hacking | -11 -10 -9 --------- Run | Yrd Mat Mat Machines Accessed 3 | . 1 2 Terminals 2 | . . 2 Fabricators . | . . . Repair Stations . | . . . Recycling Units 1 | . 1 . Scanalyzers . | . . . Garrison Access . | . . . Total Hacks 7 | . 2 5 Successful 5 | . 2 3 Failed 2 | . . 2 Catastrophic 1 | . . 1 Database Lockouts . | . . . Manual 3 | . . 3 Terminals 5 | . . 5 Fabricators . | . . . Repair Stations . | . . . Recycling Units 2 | . 2 . Scanalyzers . | . . . Garrison Access . | . . . Terminal Hacks 3 | . . 3 Prototype ID Bank 1 | . . 1 Transport Status 1 | . . 1 Hauler Manifests 1 | . . 1 Fabricator Hacks . | . . . Repair Station Hacks . | . . . Recycling Unit Hacks 2 | . 2 . Report Inventory 2 | . 2 . Scanalyzer . | . . . Garrison Access Hacks . | . . . Unauthorized Hacks . | . . . Terminals . | . . . Fabricators . | . . . Repair Stations . | . . . Recycling Units . | . . . Scanalyzers . | . . . Garrison Access . | . . . Data Cores Recovered . | . . . Used . | . . . Hacking Detections 2 | . . 2 Full Trace Events 2 | . . 2 Feedback Events . | . . . Feedback Blocked . | . . . Robot Schematics Acquired . | . . . Robots Built . | . . . Authchips . | . . . Time . | . . . Total Robot Build Rating . | . . . Part Schematics Acquired . | . . . Parts Built . | . . . Authchips . | . . . Time . | . . . Total Part Build Rating . | . . . Parts Repaired . | . . . Time . | . . . Parts Recycled . | . . . Recycled Matter . | . . . Retrieved Matter . | . . . Retrieved Components . | . . . Parts Scanalyzed . | . . . Part Schematics Acquired . | . . . Parts Damaged . | . . . Bothacking | -11 -10 -9 ------------ Run | Yrd Mat Mat Used RIF Installer . | . . . Robots Hacked . | . . . Non-combat . | . . . Combat . | . . . Robot Hacks Applied . | . . . Relay Couplers Released . | . . . Fabnet Peak Effective % . | . . . Robots Rewired . | . . . Allies Hacked . | . . . Hacks Repelled . | . . . Allies | -11 -10 -9 -------- Run | Yrd Mat Mat Total Allies . | . . . Largest Group . | . . . Highest-Rated Group . | . . . Highest-Rated Ally . | . . . Total Orders . | . . . Ally Attacks . | . . . Total Damage . | . . . Kills . | . . . Allies Corrupted . | . . . Allies Melted . | . . . Intel | -11 -10 -9 ------- Run | Yrd Mat Mat Robot Analysis Total . | . . . Derelict Logs Recovered . | . . . Drone Launches . | . . . Drone Recoveries . | . . . Exploration | -11 -10 -9 ------------- Run | Yrd Mat Mat Turns Passed 823 | 54 213 556 Spaces Moved 335 | 29 102 204 Core 11 | 3 . 8 Treads 253 | 26 102 125 Legs 71 | . . 71 Wheels . | . . . Hover . | . . . Flight . | . . . Fastest Speed 50 | 50 160 160 Average Speed 174 | 148 160 185 Slowest Speed 450 | 160 160 450 Overloaded Moves . | . . . Propulsion Burnouts . | . . . Robots Hopped . | . . . Cave-ins Triggered . | . . . Exploration Rate (%) 21 | 3 25 36 Regions Visited 2 Branch Regions . Pre-discovered Areas . | . . . Known Exits Taken . | . . . Unknown Exits Taken 2 | 1 1 . Scrap Searched . | . . . Spaces Dug . | . . . Terrain Destroyed 27 | . . 27 Melee . | . . . Projectile 5 | . . 5 AOE 22 | . . 22 Terrain Rammed . | . . . Walls Destroyed . | . . . Machines Disabled . | . . . Actions | -11 -10 -9 --------- Run | Yrd Mat Mat Total 448 | 36 127 285 Wait 2 | . . 2 Move 333 | 28 101 204 Hop . | . . . Pick Up 15 | 1 7 7 Fast Attach 12 | 6 1 5 Attach 3 | . . 3 Detach 3 | . . 3 Swap 2 | . 1 1 Drop 6 | . 4 2 Fire 68 | . 13 55 Melee . | . . . Ram 1 | . . 1 Kick 1 | . . 1 Crush 2 | 1 . 1 Escape Stasis . | . . . Rewire . | . . . Trap . | . . . Miscellaneous . | . . . Route ------- -11/Scrapyard -10/Materials (discovered 2 exits: *Mat / [*Min]) -9/Materials (discovered 1 exit: [*Min]) History --------- Turn | Location | Event 26 | -11/Scrapyard | Discovered new exit (range 16) 55 | -11/Scrapyard | Entered Materials 102 | -10/Materials | Discovered new exit (range 10) 178 | -10/Materials | Discovered new exit (range 15) 268 | -10/Materials | Entered another Materials area 268 | -9/Materials | Evolved 2 slots: Propulsion x1, Utility x1 301 | -9/Materials | Build established: Mutant 426 | -9/Materials | Discovered new exit (range 15) 747 | -9/Materials | Core integrity fell below 50% 779 | -9/Materials | Lost 4 parts (1p2n1w) 815 | -9/Materials | Core integrity fell below 20% 824 | -9/Materials | Destroyed by G-34 Mercenary with Small Laser Last Messages --------------- 00742_ Critical hit (Burn: +37). 00744_ G-34 Mercenary destroyed. 00744_ Assault Cannon destroyed. 00746_ Aluminum Leg destroyed. 00747_ K-01 Serf collects debris. 00747_ G-34 Mercenary destroyed. 00747_ U-05 Engineer lays Concrete. 00748_ Lgt. Ion Engine destroyed. 00751_ K-01 Serf collects debris. 00751_ K-01 Serf destroyed. 00752_ Critical hit (Burn: +37). 00753_ G-47 Trooper destroyed. 00762_ G-34 Mercenary destroyed. 00787_ Aluminum Leg destroyed. 00795_ M-13 Machinist repairs Heat Sink. 00795_ Grenade Launcher destroyed. 00797_ M-13 Machinist repairs Ion Engine. 00809_ Slammed into Y-45 Defender. 00811_ Reaction Control System destroyed. 00820_ Critical hit (Burn: +37). Map ----- +----------------------------------------------------+ | ??????????????????????????????????????? | | ??????????????????????????????????????? | | ??????????????????????????????????????? | | ??????????????????????????????????????? | | ??????????????????????????????????????? | | ??????????????????????????????????????? | | ??????????????????????????????????????? | | ??????????????????????????????????????? | | ??????????????????????????????????????? | | ??????????????????????????????????????? | | ?????????????????????????w ##????????? | | ??????????????????????? # ##????????? | | ??????????????????????? + ##????????? | | ??????????????????????? # ##????????? | | # ???????????????????? # ##????????? | | # ???????????????????? # a##????????? | | # ## ??????????## # ????????? | | ####+###### ??????????## # ????????? | | ### ??????????## # ????????? | | ?? ????????????## + ????????? | | ??## " ???????????## # ????????? | | ### T ######## # #### | | +### " ######## ########### | | # ## | | t # ## | | """ @ # ## | | """ ##??######### Y g ## | | ^ ^^ """ ##??######### # ## | | #########??## # ## | | #########??## # ## | | # [##??## # ## | | ### !!!# ##??## # ## | | ### !!!# """ ##??## ######+#### | | ?## !! # """ ##??## ###### #### | | ?## / """ ###### ##????????? | | ?## ###### ##????????? | | ?## #### ##????????? | | ?## = ##????????? | | ?## ! = *% m # ????????? | | ?## =%!==%% = # ????????? | | ### ! ### + ????????? | | #####+#### ###### # ????????? | | # # ## """ ###### ^# ????????? | | # T !#### # """?????## # ????????? | | # #### # """?????## ##????????? | | # ! #### # ??????## # ????????? | | # #### # ??????## # ????????? | | # #### #######?????? # ????????? | | ####+###### #######?????? # ????????? | | # * T ?????? + ????????? | +----------------------------------------------------+ Best States ------------- Heat Dissipation 42 Energy Generation 14 Energy Capacity 160 Matter Stores 193 Matter Capacity 300 Sight Range 16 Terrain Scan Density 110 Evasion (%) 40 Recoil Reduction 2 Item Schematics ----------------- None Robot Schematics ------------------ None Fabricated ------------ Nothing Alien Tech Used ----------------- None Achievements -------------- None Challenges ------------ None Game ------ Seed InertialFusionBeacon Manual? 0 Play Time 00:09:16 Cumulative 46.0 hours Start 2024.09.18 @ 01:05:03 End 2024.09.18 @ 01:12:13 Sessions 1 Manual Loads 0 Difficulty Rogue Special Mode None Game No. 104 Rogue 104 Adventurer 0 Explorer 0 Win Type - Total 0 Types 0/0/0/0/0/0/0/0/0 Lore% 16 Gallery% 32 Achievement% 26 Wizard Run 0 Options --------- Layout 1 ASCII 0 Keyboard 1 Movement Arrows Keybinds 0 Fullscreen 1 Font 24/Smallcaps Map View 50x35 Zoom Use 0% Tactical HUD 1 Map Filters NONE Filters NONE Steam 1 RUN: b1946ddf-6344-40f6-9856-43e01c3faf50